 Dungeon Crawl Stone Soup version 0.25.1-2-g60ff931df9 (webtiles) character file.

Game seed: 11530763672513847101

72 Gunterle the Ruffian (level 4, -12/44 HPs)
             Began as a Troll Monk on Oct 5, 2020.
             Mangled by Sigmund
             ... wielding a +0 scythe
              (14 damage)
             ... on level 2 of the Dungeon.
             The game lasted 00:04:03 (1280 turns).

Gunterle the Ruffian (Troll Monk)                   Turns: 1280, Time: 00:04:03

Health: -12/44     AC:  6    Str: 19    XL:     4   Next: 6%
Magic:  3/3        EV: 10    Int:  7    God:
Gold:   74         SH:  0    Dex: 12    Spells: 3/3 levels left

rFire    . . .     SeeInvis .     - Unarmed
rCold    . . .     Gourm    +   (no shield)
rNeg     . . .     Faith    .   a - +0 robe
rPois    .         Spirit   .   (helmet restricted)
rElec    .         Reflect  .   (no cloak)
rCorr    .         Harm     .   (gloves unavailable)
MR       .....                  (boots unavailable)
Stlth    ++........             (no amulet)
HPRegen  0.54/turn              (no ring)
MPRegen  0.08/turn              (no ring)

@: no status effects
A: large, unfitting armour, claws 3, fast metabolism 3, gourmand, regeneration
1, shaggy fur 1, tough skin 3
a: no special abilities


You were on level 2 of the Dungeon.
You were completely stuffed.

You visited 1 branch of the dungeon, and saw 3 of its levels.

You collected 74 gold pieces.

Inventory:

Missiles
 d - 62 stones
 o - 3 boomerangs of dispersal
 p - 12 poisoned darts (quivered)
Armour
 a - a +0 robe (worn)
Scrolls
 f - 3 scrolls of remove curse {unknown}
 g - a scroll of fog {unknown}
 h - a scroll of random uselessness {unknown}
 k - 2 scrolls of identify {unknown}
 l - a scroll of magic mapping {unknown}
 m - a scroll of amnesia {unknown}
Potions
 c - a potion of curing {unknown}
 e - a potion of stabbing {unknown}
 j - a potion of flight {unknown}
 n - a potion of berserk rage {unknown}
Comestibles
 b - 7 rations
 i - 5 chunks of flesh


   Skills:
 + Level 2.8 Fighting
 + Level 1.3 Throwing
 + Level 2.8 Dodging
 - Level 1.0 Stealth
 * Level 3.9 Unarmed Combat


You had 3 spell levels left.
You didn't know any spells.
Your spell library was empty.

Dungeon Overview and Level Annotations

Branches:
Dungeon (3/15)

Altars:
Makhleb

Portals:
Abyss: D:3

Annotations:
D:1 exclusion: downstairs
D:2 Sigmund
D:3 2 transporters, haesbaert's ghost, amateur DEFE


Innate Abilities, Weirdness & Mutations

You are too large for most types of armour.
You have claws for hands.
Your metabolism is lightning-fast.
You like to eat raw meat.
Your natural rate of healing is unusually fast.
You are covered in fur. (AC +1)
You have extremely tough skin. (AC +3)


Message History

You barely miss Sigmund.
Sigmund is moderately wounded.
Sigmund casts a spell at you. The puff of flame hits you.
* * * LOW HITPOINT WARNING * * *
You closely miss Sigmund.
Sigmund is moderately wounded.
Sigmund barely misses you.
You scratch Sigmund but do no damage.
Sigmund is moderately wounded.
You scratch Sigmund.
Sigmund is heavily wounded.
Sigmund hits you with a +0 scythe!
* * * LOW HITPOINT WARNING * * *
You barely miss Sigmund.
Sigmund is heavily wounded.
You claw Sigmund!
Sigmund is almost dead.
Sigmund hits you with a +0 scythe!
You die...

## ######.......# .######
#............# ......#
#.####.......# ......#
#.####.################# ......#
#......#................
......####......#.###############
................#.#..............
.....@#####.....#.#.#############
................@...># #
.##########.....#@#### # .#
#.....#.# # .# #####.#.# # .#
#.#.# # .# ######.#.#
############# .#
#........###............ @#
#....)..............#### .##
#.......####.....<#.....


You could see Sigmund.

Vanquished Creatures
  4 adders (D:2)
  A dart slug (D:2)
  5 orcs (D:3)
  2 bats
  A giant cockroach (D:1)
  3 goblins (D:1)
  5 hobgoblins
  A kobold (D:2)
  A ball python (D:1)
  3 frilled lizards
  5 rats
31 creatures vanquished.

Notes
Turn   | Place    | Note
-------+----------+-------------------------------------------
     0 | D:1      | Gunterle the Troll Monk began the quest for the Orb.
     0 | D:1      | Reached XP level 1. HP: 22/22 MP: 0/0
   159 | D:1      | You fall into a shaft and drop 1 floor!
   168 | D:2      | Found a burning altar of Makhleb.
   173 | D:2      | Reached XP level 2. HP: 29/29 MP: 1/1
   247 | D:2      | Reached XP level 3. HP: 36/36 MP: 2/2
   342 | D:2      | Reached skill level 1 in Throwing
   591 | D:2      | Noticed Sigmund
  1127 | D:3      | Found a transporter.
  1142 | D:3      | Reached XP level 4. HP: 42/44 MP: 3/3
  1188 | D:3      | Found a one-way gate to the infinite horrors of the Abyss.
  1188 | D:3      | Noticed haesbaert's ghost (amateur DEFE)
  1225 | D:3      | Noticed a small abomination
  1251 | D:3      | Found a transporter.
  1278 | D:2      | HP: 1/44 [Sigmund/+0 scythe (10)]
  1280 | D:2      | Mangled by Sigmund

Illustrated notes

Levels and vault maps discovered:
D:1:      saegor_arrival_under_anarchy, layout_basic, due_unseen_surprise
D:2:      layout_basic, bloody_makhleb, uniq_sigmund
D:3:      layout_rooms, gammafunk_ghost_abyssal_escape, dk_noncrumbling_4,
          uniq_grinder

Skill      XL: |  1  2  3 |
---------------+----------+-----
Throwing       | 1 |  1.3
Fighting       | |  2.8
Dodging        | |  2.8
Stealth        | |  1.0
Unarmed Combat | |  3.9

Action                   |  1- 3 |  4- 6 || total
-------------------------+-------+-------++-------
Melee: Unarmed           |    56 |    19 ||    75
       Punch             |     1 |       ||     1
Throw: Stone             |     3 |       ||     3
 Stab: Sleeping          |     2 |       ||     2
  Eat: Chunk             |    16 |     1 ||    17
Armor: Robe              |    18 |     1 ||    19
Dodge: Dodged            |    18 |     5 ||    23
